[Event "Titled Tuesday Blitz November 15 Late 2022"]
[White "Aguilar, Juan"]
[Black "Sokolovsky, Yahli"]
[WhiteFideId "3800091"]
[BlackFideId "2820242"]
[WhiteElo "2450"]
[BlackElo "2316"]
[Result "1/2-1/2"]
[Round "06"]
[TimeControl "180+1"]
[Date "2022.11.16"]
[WhiteClock "0:00:10"]
[BlackClock "0:00:04"]

1. d4 d6 2. e4 g6 3. Nc3 Bg7 4. f4 Nc6 5. Nf3 Bg4 6. Be3 Bxf3 7. gxf3 e5 8. dxe5 dxe5 9. Qxd8+ Rxd8 10. Nd5 Rd7 11. O-O-O Nge7 12. Bh3 f5 13. Nxe7 Rxd1+ 14. Rxd1 Nxe7 15. fxe5 Bxe5 16. f4 Bg7 17. e5 Bh6 18. Bg2 Nc6 19. e6 Ke7 20. Rd7+ Kxe6 21. Rxc7 Rb8 22. Rxh7 Bf8 23. h4 Bd6 24. h5 gxh5 25. Rxh5 Ne7 26. Rh6+ Kd7 27. c4 Rc8 28. b3 b5 29. Bf1 Nd5 30. Bd2 bxc4 31. bxc4 Bxf4 32. Bxf4 Nxf4 33. Ra6 Rh8 34. Rxa7+ Ke6 35. Kd2 Rh1 36. Bd3 Rh2+ 37. Ke3 Ng2+ 38. Kd4 Rh4+ 39. Kc3 Rh3 40. Ra6+ Ke5 41. Ra5+ Ke6 42. Kd4 Rh4+ 43. Kc5 f4 44. Ra3 f3 45. Bf1 Rh3 46. Ra6+ Kf5 47. Kd4 Rg3 48. Bd3+ Kg5 49. Rg6+ Kf4 50. Rxg3 Kxg3 51. a4 Nf4 52. Bf1 Kf2 53. Ke4 Ne6 54. a5 Nc5+ 55. Kd5 Kxf1 56. Kxc5 Ke2 57. a6 f2 58. a7 f1=Q 59. a8=Q Qf2+ 60. Kb5 Qf5+ 61. Qd5 Qb1+ 62. Kc6 Qg6+ 63. Qd6 Qe4+ 64. Kb6 Qxc4 65. Qc5 Qe6+ 66. Qc6 Qb3+ 67. Qb5+ Qxb5+ 68. Kxb5 1/2-1/2


[Site "https://www.chess.com"]

[Event "Titled Tuesday Blitz November 15 Late 2022"]
[White "Ali Abdullahi, Farah"]
[Black "Sreyas Payyappat"]
[WhiteFideId "16100212"]
[BlackFideId "46674969"]
[WhiteElo "2339"]
[BlackElo "2083"]
[Result "1-0"]
[Round "06"]
[TimeControl "180+1"]
[Date "2022.11.16"]
[WhiteClock "0:01:25"]
[BlackClock "0:00:09"]

1. b3 e5 2. Bb2 Nc6 3. e3 d5 4. Bb5 Bd6 5. Nf3 Bg4 6. h3 Bxf3 7. Qxf3 Nf6 8. c4 e4 9. Qf5 O-O 10. Bxf6 Qxf6 11. Qxf6 gxf6 12. Bxc6 bxc6 13. Nc3 Be5 14. Rc1 f5 15. cxd5 cxd5 16. Nxd5 Kg7 17. Ke2 Rad8 18. Nxc7 Rd3 19. Nb5 Rfd8 20. Rc2 f4 21. Na3 fxe3 22. fxe3 f5 23. Nc4 Bg3 24. Rf1 Kg6 25. Na5 Kg5 26. Nc6 Rc8 27. Nd4 Rxc2 28. Nxc2 f4 29. Nd4 Kf6 30. Rc1 Ke7 31. Rc7+ Kd6 32. Rxa7 Kc5 33. Rxh7 Bf2 34. Ne6+ 1-0


[Site "https://www.chess.com"]

[Event "Titled Tuesday Blitz November 15 Late 2022"]
[White "Andreikin, Dmitry"]
[Black "Tari, Aryan"]
[WhiteFideId "4158814"]
[BlackFideId "1510045"]
[WhiteElo "2736"]
[BlackElo "2612"]
[Result "0-1"]
[Round "06"]
[TimeControl "180+1"]
[Date "2022.11.15"]
[WhiteClock "0:00:09"]
[BlackClock "0:00:24"]

1. Nf3 d5 2. e3 Nf6 3. d4 e6 4. Bd3 c5 5. b3 Nc6 6. O-O Be7 7. Bb2 O-O 8. Nbd2 a6 9. Ne5 Qc7 10. a3 b5 11. Nxc6 Qxc6 12. dxc5 Qxc5 13. Qf3 Bb7 14. Qh3 h6 15. a4 b4 16. a5 Qc7 17. Nf3 Nd7 18. Qg4 Nf6 19. Qd4 Rfb8 20. Ne5 Bc5 21. Qh4 Be7 22. Qg3 Bd6 23. f4 Qe7 24. Rae1 Re8 25. Bd4 Bc5 26. Rf3 Bxd4 27. exd4 Ne4 28. Qg4 f6 29. Ng6 Qc7 30. Bxe4 dxe4 31. Rh3 Qxc2 32. Rxh6 e3 33. Rh3 Qf2+ 0-1


[Site "https://www.chess.com"]

[Event "Titled Tuesday Blitz November 15 Late 2022"]
[White "Antonio, Jorge Carlos"]
[Black "Alexikov, Alexander"]
[WhiteFideId "113190"]
[BlackFideId "14103958"]
[WhiteElo "2247"]
[BlackElo "2222"]
[Result "1/2-1/2"]
[Round "06"]
[TimeControl "180+1"]
[Date "2022.11.16"]
[WhiteClock "0:01:10"]
[BlackClock "0:00:09"]

1. d4 Nf6 2. Nf3 g6 3. c4 Bg7 4. Nc3 d6 5. e4 O-O 6. Be2 e5 7. O-O Nbd7 8. d5 a5 9. Ne1 Nc5 10. f3 Nh5 11. Rb1 f5 12. b3 Nf4 13. g3 Nxe2+ 14. Qxe2 Bd7 15. a3 fxe4 16. fxe4 Rxf1+ 17. Kxf1 Bh3+ 18. Kg1 Qe7 19. Be3 Rf8 20. Nd3 Nxd3 21. Qxd3 Rf3 22. Qe2 Qf7 23. Re1 Bg4 24. Qg2 Rf6 25. Bg5 Rf3 26. h3 Bd7 27. Re3 Rxe3 28. Bxe3 h5 29. Qf2 Qxf2+ 30. Kxf2 Bxh3 31. Nb5 Bf6 32. Nxc7 Bd7 33. Nb5 Bxb5 34. cxb5 Bd8 35. a4 g5 36. Ke2 Kf7 37. Kf3 g4+ 38. Kg2 Kg6 39. Bd2 b6 40. Be3 Bc7 41. Bf2 Bd8 42. Be3 Bc7 43. Bf2 Bd8 44. Be3 1/2-1/2


[Site "https://www.chess.com"]

[Event "Titled Tuesday Blitz November 15 Late 2022"]
[White "Ardila, Oscar Humberto"]
[Black "Klenburg, Michael"]
[WhiteFideId "4404742"]
[BlackFideId "14102072"]
[WhiteElo "1959"]
[BlackElo "2405"]
[Result "0-1"]
[Round "06"]
[TimeControl "180+1"]
[Date "2022.11.16"]
[WhiteClock "0:00:08"]
[BlackClock "0:00:10"]

1. d4 d6 2. Nf3 Nf6 3. c4 Nbd7 4. Nc3 e5 5. dxe5 dxe5 6. e3 Be7 7. Be2 O-O 8. O-O c6 9. Qc2 Qc7 10. Rd1 Re8 11. b3 Nc5 12. e4 Bg4 13. Be3 Ne6 14. h3 Bxf3 15. Bxf3 Bc5 16. Bxc5 Nxc5 17. Rd2 a5 18. Rad1 h6 19. Ne2 Rad8 20. Ng3 g6 21. Qc3 Rxd2 22. Rxd2 Kg7 23. a3 Ne6 24. Ne2 Rd8 25. Rxd8 Nxd8 26. b4 axb4 27. axb4 b6 28. Qd2 Ne6 29. g3 c5 30. Bg2 Nd4 31. b5 Qa7 32. Nxd4 cxd4 33. f4 Qa1+ 34. Kh2 Qc3 35. Qf2 d3 36. fxe5 Qxe5 37. Qe3 Qc3 38. e5 Ng8 39. e6 fxe6 40. c5 Qxc5 41. Qxd3 Nf6 42. Qe2 Kf7 43. h4 h5 44. Bf3 e5 45. Qd3 Qd4 46. Qb3+ Kg7 47. Qe6 e4 48. Qe7+ Kg8 49. Qe6+ Kg7 50. Qe7+ Kg8 51. Qe6+ Kf8 52. Bg2 Ng4+ 53. Kh3 Nf6 54. Qc8+ Ke7 55. Kh2 e3 56. Qc7+ Nd7 57. Bf3 Qd2+ 58. Kh3 e2 59. Bxe2 Qxe2 60. Qf4 Qe6+ 61. Kh2 Qf5 62. Qb4+ Kf7 63. Qc4+ Qe6 64. Qc7 Qd5 65. Kh3 Qe6+ 66. Kh2 Kf6 67. Qc3+ Ne5 68. Qc7 Ng4+ 69. Kh3 Nf2+ 70. Kg2 Ng4 71. Kh3 Ne5+ 72. Kg2 Qa2+ 73. Kh3 Qe6+ 74. Kg2 Ng4 75. Qd8+ Ke5 76. Qd3 Qd5+ 77. Qxd5+ Kxd5 78. Kf3 Kc5 79. Kf4 Kxb5 80. Kg5 Kc5 81. Kxg6 b5 82. Kxh5 b4 83. Kxg4 b3 84. Kg5 b2 85. g4 b1=Q 86. Kh5 Kd6 87. g5 Ke7 88. Kg4 Kf7 89. h5 Qe4+ 90. Kg3 Ke6 91. Kh3 Kf5 92. g6 Qg4+ 93. Kh2 Qxh5+ 0-1


[Site "https://www.chess.com"]

[Event "Titled Tuesday Blitz November 15 Late 2022"]
[White "Averjanov, Alexey"]
[Black "Jiang, Andrew"]
[WhiteFideId "14109867"]
[BlackFideId "30953510"]
[WhiteElo "2603"]
[BlackElo "1868"]
[Result "1-0"]
[Round "06"]
[TimeControl "180+1"]
[Date "2022.11.16"]
[WhiteClock "0:01:11"]
[BlackClock "0:01:09"]

1. d4 d5 2. c4 e6 3. Nf3 Nf6 4. e3 Be7 5. Nbd2 O-O 6. Bd3 b6 7. O-O Bb7 8. Qe2 Nbd7 9. e4 dxe4 10. Nxe4 Nxe4 11. Bxe4 Bxe4 12. Qxe4 Nf6 13. Qe2 c5 14. Rd1 cxd4 15. Nxd4 Qc8 16. b3 Rd8 17. Bb2 Qc5 18. Rd3 Rd6 19. Rad1 Rad8 20. Nf3 Rxd3 21. Rxd3 Rxd3 22. Qxd3 Qd6 23. Qxd6 Bxd6 24. Kf1 Kf8 25. Ke2 Ke7 26. Kd3 h6 27. Ne5 Bc5 28. f3 a6 29. Bc3 Bd6 30. b4 h5 31. a3 g6 32. h3 h4 33. Nc6+ Kd7 34. Bxf6 Kxc6 35. Bxh4 a5 36. b5+ Kc7 37. a4 Be5 38. Bf2 Bd6 39. g4 Be7 40. h4 Bf8 41. h5 gxh5 42. gxh5 Bh6 43. Be3 Bg7 44. h6 Bh8 45. Ke4 f5+ 46. Kf4 Bf6 47. c5 bxc5 48. Bxc5 Kd7 49. Bf8 Ke8 50. Bg7 Bxg7 51. hxg7 Kf7 52. b6 1-0


[Site "https://www.chess.com"]

[Event "Titled Tuesday Blitz November 15 Late 2022"]
[White "Baltaci, Ismail Tarik"]
[Black "chess50years"]
[WhiteFideId "6365213"]
[WhiteElo "2339"]
[BlackElo "2145"]
[Result "1-0"]
[Round "06"]
[TimeControl "180+1"]
[Date "2022.11.16"]
[WhiteClock "0:01:54"]
[BlackClock "0:01:00"]

1. Nf3 Nf6 2. g3 c5 3. Bg2 Nc6 4. O-O e6 5. d3 d5 6. Nbd2 Be7 7. e4 O-O 8. Re1 dxe4 9. dxe4 Bd7 10. c3 Qc7 11. e5 Nd5 12. Nc4 Rfd8 13. Qc2 Nb6 14. Nd6 Bxd6 15. exd6 Qxd6 16. Ng5 g6 17. Ne4 Qc7 18. Bg5 Be8 19. Nf6+ Kg7 20. Qe4 Nd7 21. Qh4 h5 22. Rad1 Nxf6 23. Bxf6+ Kh7 24. Bxd8 Rxd8 25. Be4 Kg7 26. Bxc6 Rxd1 27. Rxd1 Bxc6 28. Qf4 Qxf4 29. gxf4 Kf6 30. Re1 Kf5 31. Re5+ Kxf4 32. Rxc5 e5 33. b4 a6 34. c4 Bf3 35. b5 axb5 36. cxb5 f5 37. a4 e4 38. a5 e3 39. fxe3+ Kxe3 40. Rc3+ Ke4 41. Rxf3 Kxf3 42. a6 1-0


[Site "https://www.chess.com"]

[Event "Titled Tuesday Blitz November 15 Late 2022"]
[White "Bashirli, Nail"]
[Black "Crevatin, Leo"]
[WhiteFideId "13406809"]
[BlackFideId "1726307"]
[WhiteElo "2318"]
[BlackElo "2208"]
[Result "1-0"]
[Round "06"]
[TimeControl "180+1"]
[Date "2022.11.16"]
[WhiteClock "0:00:15"]
[BlackClock "0:00:06"]

1. e4 c5 2. Nc3 Nc6 3. g3 g6 4. Bg2 Bg7 5. Nge2 e6 6. O-O Nge7 7. d3 O-O 8. Be3 Nd4 9. Qd2 Rb8 10. h3 b5 11. f4 b4 12. Nd1 Bb7 13. Nf2 Nxe2+ 14. Qxe2 Bxb2 15. Rab1 Bg7 16. Bxc5 a5 17. a3 d6 18. Ba7 Ra8 19. Be3 Nc6 20. axb4 axb4 21. Ng4 h5 22. Nh2 Ra2 23. f5 Nd4 24. Bxd4 Bxd4+ 25. Kh1 Qc7 26. fxg6 fxg6 27. Rxf8+ Kxf8 28. Rf1+ Kg7 29. Qf3 Qe7 30. Qd1 Qg5 31. Nf3 Qc5 32. Nxd4 Qxd4 33. Qf3 Ra1 34. Qf8+ Kh7 35. Qe7+ Kh6 36. Rxa1 Qxa1+ 37. Kh2 Qa6 38. Qf8+ Kh7 39. Qe7+ Kh6 40. Qf8+ Kh7 41. Qf7+ Kh6 42. Qg8 Qa8 43. Qxe6 Qd8 44. h4 Bc8 45. Qc4 Bg4 46. Qxb4 Qf6 47. Qd2+ Kh7 48. Qf4 Qc3 49. Qf7+ Kh6 50. Qg8 Qd4 51. Qf8+ Kh7 52. Qf7+ Kh6 53. Qf4+ Kh7 54. Qd2 Qb2 55. Qf2 Kg7 56. d4 Qc3 57. d5 Kg8 58. Bf1 Bd1 59. Bd3 Kg7 60. Qa7+ Kh6 61. Qe3+ Kg7 62. e5 Bxc2 63. exd6 Qxd3 64. Qxd3 Bxd3 65. d7 1-0


[Site "https://www.chess.com"]

[Event "Titled Tuesday Blitz November 15 Late 2022"]
[White "Bazzano, Sebastian"]
[Black "Reprintsev, Alexander"]
[WhiteFideId "104566"]
[BlackFideId "14100541"]
[WhiteElo "2269"]
[BlackElo "2230"]
[Result "0-1"]
[Round "06"]
[TimeControl "180+1"]
[Date "2022.11.16"]
[WhiteClock "0:00:01"]
[BlackClock "0:00:29"]

1. d4 d5 2. Bf4 Nf6 3. e3 c5 4. c3 Qb6 5. Qb3 c4 6. Qc2 g6 7. Nd2 Bf5 8. Qc1 Bg7 9. Ngf3 O-O 10. Be2 Re8 11. h3 Nc6 12. O-O Ne4 13. Nxe4 Bxe4 14. Nd2 e5 15. dxe5 Bxe5 16. Nxe4 Bxf4 17. Nf6+ Kh8 18. Nxe8 Be5 19. Bf3 Rxe8 20. Bxd5 Kg7 21. Bxc4 Bb8 22. Qc2 Qc7 23. g3 Ne5 24. Be2 h5 25. h4 Qc6 26. Rfd1 Re6 27. Qb3 Rf6 28. Qc4 Nf3+ 29. Bxf3 Qxc4 30. Rd4 Qe6 31. Bxb7 Bxg3 32. fxg3 Qxe3+ 0-1


[Site "https://www.chess.com"]

[Event "Titled Tuesday Blitz November 15 Late 2022"]
[White "Bernat, David"]
[Black "Harish, Neeraj"]
[WhiteFideId "2099225"]
[BlackFideId "30958130"]
[WhiteElo "2337"]
[BlackElo "1815"]
[Result "1-0"]
[Round "06"]
[TimeControl "180+1"]
[Date "2022.11.16"]
[WhiteClock "0:00:16"]
[BlackClock "0:01:01"]

1. c4 Nf6 2. Nc3 g6 3. e4 e5 4. g3 Bg7 5. Bg2 O-O 6. Nge2 c5 7. O-O d6 8. d3 Nc6 9. a3 Be6 10. Nd5 Bxd5 11. cxd5 Nd4 12. Nxd4 cxd4 13. f4 Rc8 14. f5 Qc7 15. g4 Nd7 16. g5 f6 17. h4 Qd8 18. h5 fxg5 19. hxg6 hxg6 20. Qg4 gxf5 21. exf5 Bf6 22. Rf3 Kg7 23. Rg3 Rh8 24. Bxg5 Bxg5 25. f6+ Qxf6 26. Qxd7+ Kh6 27. Rf1 Qe7 28. Qh3+ Kg7 29. Qf5 Rh5 30. Be4 Qf6 31. Qxf6+ 1-0


[Site "https://www.chess.com"]

[Event "Titled Tuesday Blitz November 15 Late 2022"]
[White "Bilan, Danila"]
[Black "Grot, Blazej"]
[WhiteFideId "24161918"]
[BlackFideId "21835845"]
[WhiteElo "2173"]
[BlackElo "1822"]
[Result "1/2-1/2"]
[Round "06"]
[TimeControl "180+1"]
[Date "2022.11.16"]
[WhiteClock "0:00:10"]
[BlackClock "0:00:12"]

1. d4 d6 2. Nf3 Nf6 3. Bg5 Nbd7 4. Nbd2 c6 5. e4 Qc7 6. c3 e5 7. Bc4 Be7 8. O-O O-O 9. Re1 Re8 10. Qb3 Rf8 11. a4 a5 12. Nf1 Nb6 13. Bd3 Be6 14. Qc2 Rfe8 15. Ne3 Nbd7 16. Nh4 Bf8 17. f4 exf4 18. Bxf4 Nh5 19. Qf2 Nxf4 20. Qxf4 g6 21. d5 cxd5 22. exd5 Bxd5 23. Nxd5 Qc5+ 24. Qd4 Qxd4+ 25. cxd4 Bg7 26. Nf3 Rac8 27. Ne7+ Rxe7 28. Rxe7 Nb6 29. Rxb7 Nd5 30. Re1 Nb4 31. Bb5 h5 32. Re8+ Rxe8 33. Bxe8 Nc2 34. Bxf7+ Kh7 35. Bb3 Ne3 36. h3 Nf5 37. Ng5+ Kh6 38. Nf7+ Kh7 39. Nxd6 Nxd6 40. Ra7 Kh6 41. Rxa5 Bxd4+ 42. Kf1 Bxb2 43. Bc2 Nc4 44. Rc5 Ne3+ 45. Ke2 Nxg2 46. Kf3 Ne1+ 47. Kf2 Bd4+ 48. Kxe1 Bxc5 49. Ke2 g5 50. Kf3 g4+ 51. hxg4 hxg4+ 52. Kxg4 Bb4 53. Kf5 Kg7 54. Ke6 Kf8 55. Kd5 Ke7 56. Kc6 Be1 57. Kb7 Kd7 58. Kb6 Kd8 59. a5 Bxa5+ 1/2-1/2


[Site "https://www.chess.com"]

[Event "Titled Tuesday Blitz November 15 Late 2022"]
[White "Bluebaum, Matthias"]
[Black "Tang, Andrew"]
[WhiteFideId "24651516"]
[BlackFideId "2059630"]
[WhiteElo "2633"]
[BlackElo "2581"]
[Result "0-1"]
[Round "06"]
[TimeControl "180+1"]
[Date "2022.11.15"]
[WhiteClock "0:00:02"]
[BlackClock "0:00:15"]

1. d4 d5 2. c4 e6 3. Nc3 Be7 4. Nf3 Nf6 5. g3 dxc4 6. Bg2 Qd6 7. Ne5 Qa6 8. a4 O-O 9. O-O c6 10. Bg5 h6 11. Bxf6 gxf6 12. Nf3 Nd7 13. e4 Rd8 14. Qe2 e5 15. Rfd1 exd4 16. Nxd4 Ne5 17. Qh5 Bg4 18. Qxh6 Bf8 19. Qxf6 Bg7 20. Qg5 f6 21. Qe3 Bxd1 22. Rxd1 Qb6 23. Rd2 Rd6 24. Nce2 Rad8 25. Kh1 c5 26. Nf3 Rxd2 27. Nxd2 Qxb2 28. Nf3 Rd3 29. Qf4 Qxe2 30. Ng1 Rd1 31. Bh3 Qe1 32. Be6+ Kf8 33. Kg2 Qf1+ 34. Kh1 Qxg1# 0-1


[Site "https://www.chess.com"]

[Event "Titled Tuesday Blitz November 15 Late 2022"]
[White "Bouget, Alexandre"]
[Black "Andronescu, Madalin"]
[WhiteFideId "681318"]
[BlackFideId "1217275"]
[WhiteElo "2177"]
[BlackElo "1946"]
[Result "1-0"]
[Round "06"]
[TimeControl "180+1"]
[Date "2022.11.16"]
[WhiteClock "0:00:02"]
[BlackClock "0:00:07"]

1. Nc3 Nf6 2. e4 d6 3. d4 g6 4. Nf3 Bg7 5. Bg5 O-O 6. Qd2 c5 7. d5 Bg4 8. Bh6 Nbd7 9. Bxg7 Kxg7 10. h3 Bxf3 11. gxf3 Ne5 12. Be2 a6 13. f4 Ned7 14. a4 Qa5 15. O-O Qb4 16. Qe3 Qd4 17. Bf3 Qxe3 18. fxe3 Nb6 19. e5 dxe5 20. fxe5 Nfd7 21. d6 Nxe5 22. Bxb7 Ra7 23. dxe7 Re8 24. Bg2 Raxe7 25. a5 Nbc4 26. Nd5 Rd7 27. b3 Rxd5 28. Bxd5 Nxe3 29. Bb7 Nxf1 30. Rxf1 Re6 31. Rd1 f5 32. Rd8 Kf6 33. Ra8 f4 34. Rxa6 Rxa6 35. Bxa6 Nc6 36. Bd3 Nxa5 37. Kf2 Nc6 38. Kf3 g5 39. Bxh7 Ne5+ 40. Kf2 c4 41. b4 Ke6 42. Be4 Kd6 43. Ke2 Kc7 44. Kd2 Kb6 45. Kc3 Kb5 46. Bh7 f3 47. Kd2 Kxb4 48. Ke3 Kc3 49. Be4 f2 50. Kxf2 Kd4 51. Bf5 c3 52. Ke2 Nc4 53. Kf2 Ne3 54. Bg6 Nd1+ 55. Kg3 Ne3 56. Kf3 Nd5 57. Kg4 Nb4 58. Kxg5 Ke3 59. h4 Kd2 60. h5 Nxc2 61. h6 Ne3 62. h7 1-0


[Site "https://www.chess.com"]

[Event "Titled Tuesday Blitz November 15 Late 2022"]
[White "Buchenau, Frank"]
[Black "Przybylski, Wojciech"]
[WhiteFideId "4604350"]
[BlackFideId "1117599"]
[WhiteElo "2157"]
[BlackElo "2221"]
[Result "1-0"]
[Round "06"]
[TimeControl "180+1"]
[Date "2022.11.16"]
[WhiteClock "0:00:04"]
[BlackClock "0:00:01"]

1. e4 e5 2. Bc4 Nf6 3. d3 c6 4. Nf3 Be7 5. O-O d6 6. c3 O-O 7. Bb3 Nbd7 8. Nbd2 Nc5 9. Bc2 Bg4 10. h3 Bh5 11. Re1 Ne6 12. Nf1 Nf4 13. Ng3 Bg6 14. d4 Qc7 15. Be3 Rae8 16. Qd2 N6h5 17. Nf5 Bf6 18. Rad1 Rd8 19. g3 Ne6 20. Kg2 Rfe8 21. Qc1 a5 22. Nh2 Rd7 23. Ng4 Red8 24. d5 Nf8 25. Nxf6+ Nxf6 26. Bg5 Bxf5 27. exf5 Nxd5 28. Bxd8 Qxd8 29. Bb3 Nf6 30. f4 e4 31. g4 d5 32. Qe3 b5 33. g5 Nh5 34. Rf1 a4 35. Bc2 g6 36. Qe2 Qc7 37. Qg4 e3 38. Rde1 Re7 39. f6 Re8 40. Qf3 Ne6 41. Rxe3 Nexf4+ 42. Kh1 Qd7 43. Rfe1 Rf8 44. Kh2 Ne6 45. Qg4 Qd6+ 46. Kh1 Nc5 47. Re5 Ne6 48. Rxe6 fxe6 49. Qxe6+ Qxe6 50. Rxe6 Nf4 51. Rxc6 d4 52. Kh2 Nd5 53. cxd4 Nb4 54. Rc7 Nxc2 55. Rxc2 Kf7 56. Rc7+ Ke6 57. Re7+ Kf5 58. d5 Kxg5 59. f7 Kf6 60. d6 Rxf7 61. Re8 Rd7 62. Rb8 Ke6 63. Rxb5 Rxd6 64. Rb4 Rd2+ 65. Kg3 a3 66. bxa3 Rxa2 67. a4 Rc2 68. h4 Kf6 69. a5 1-0


[Site "https://www.chess.com"]

[Event "Titled Tuesday Blitz November 15 Late 2022"]
[White "Burke, Paul"]
[Black "Figorito, Nick"]
[WhiteFideId "2605767"]
[BlackFideId "30923689"]
[WhiteElo "1816"]
[BlackElo "2355"]
[Result "0-1"]
[Round "06"]
[TimeControl "180+1"]
[Date "2022.11.16"]
[WhiteClock "0:00:47"]
[BlackClock "0:01:18"]

1. e4 e6 2. d4 d5 3. e5 c5 4. Qg4 cxd4 5. Nf3 Nc6 6. Bd3 Qb6 7. O-O Bd7 8. a3 Nge7 9. c3 dxc3 10. Nxc3 Ng6 11. Qg3 a6 12. b4 Qc7 13. Bxg6 hxg6 14. Bf4 Nxb4 15. axb4 Qxc3 16. Rac1 Qa3 17. Rc7 Qxb4 18. Rfc1 Bc6 19. Ng5 Be7 20. Nxf7 Kxf7 21. Bg5 Rhe8 22. Qf3+ Kg8 23. Bxe7 Rxe7 24. Rxe7 Qxe7 0-1


[Site "https://www.chess.com"]

[Event "Titled Tuesday Blitz November 15 Late 2022"]
[White "Chirilov, James A"]
[Black "Bogaudinov, Rushan"]
[WhiteFideId "30976677"]
[BlackFideId "4129288"]
[WhiteElo "1790"]
[BlackElo "1997"]
[Result "1-0"]
[Round "06"]
[TimeControl "180+1"]
[Date "2022.11.16"]
[WhiteClock "0:00:18"]
[BlackClock "0:00:01"]

1. e4 e5 2. Nf3 Nf6 3. d4 Nxe4 4. Bd3 d5 5. Nxe5 Be7 6. O-O O-O 7. c4 c6 8. Nc3 Nxc3 9. bxc3 dxc4 10. Bxc4 Nd7 11. Bf4 Nxe5 12. Bxe5 Bf5 13. Re1 Qd7 14. Qf3 Bg6 15. Rad1 Bd6 16. h4 Bxe5 17. Rxe5 Rae8 18. h5 Bc2 19. Rde1 Rxe5 20. Rxe5 b5 21. Bf1 Bb1 22. h6 Bxa2 23. Rg5 Qe6 24. Rxg7+ Kh8 25. Bd3 f5 26. Rxa7 Qxh6 27. Rxa2 Qc1+ 28. Bf1 Re8 29. Re2 Rf8 30. Qe3 1-0


[Site "https://www.chess.com"]

[Event "Titled Tuesday Blitz November 15 Late 2022"]
[White "Domingo Nunez, Alejandro"]
[Black "Mickiewicz, Piotr"]
[WhiteFideId "22245561"]
[BlackFideId "1114891"]
[WhiteElo "2242"]
[BlackElo "2246"]
[Result "1/2-1/2"]
[Round "06"]
[TimeControl "180+1"]
[Date "2022.11.16"]
[WhiteClock "0:00:19"]
[BlackClock "0:00:26"]

1. Nf3 Nf6 2. g3 g6 3. b3 Bg7 4. Bb2 O-O 5. Bg2 c5 6. c4 Nc6 7. O-O d6 8. d4 Ne4 9. Nbd2 Bf5 10. Nh4 Nxd2 11. Qxd2 Nxd4 12. Nxf5 Nxf5 13. Bxg7 Nxg7 14. Bxb7 Rb8 15. Bg2 a5 16. Rab1 Qc7 17. h3 Rfd8 18. Qc3 Ne6 19. e3 Nf8 20. h4 h5 21. Bf3 Nd7 22. Be2 Nf6 23. Rfd1 Ra8 24. Bf3 Ra7 25. Kh1 Rb8 26. Rg1 Qd7 27. Kg2 a4 28. bxa4 Rxb1 29. Rxb1 Rxa4 30. Rb8+ Kg7 31. Qb3 Ra7 32. Ra8 Rxa8 33. Bxa8 e6 34. a4 d5 35. a5 Qa7 36. Bc6 Qxa5 37. cxd5 exd5 38. Bxd5 Qc7 39. Bc4 Qe7 40. Qc3 Kg8 41. f3 Nd7 42. Bd5 Nb6 43. Bb3 Qd6 44. e4 Qd4 45. Qxd4 cxd4 46. Kf2 Nd7 47. Ke2 Nc5 48. Bc4 Kg7 49. e5 f6 50. f4 fxe5 51. fxe5 Nd7 52. Kd3 Nxe5+ 53. Kxd4 Nxc4 54. Kxc4 Kf6 55. Kd4 Kf5 56. Ke3 Kg4 57. Kf2 g5 58. hxg5 Kxg5 59. Kf3 h4 60. gxh4+ Kxh4 1/2-1/2


[Site "https://www.chess.com"]

[Event "Titled Tuesday Blitz November 15 Late 2022"]
[White "Dudzinski, Pawel"]
[Black "Phillips, Rene"]
[WhiteFideId "1117890"]
[BlackFideId "2056275"]
[WhiteElo "2086"]
[BlackElo "1991"]
[Result "1-0"]
[Round "06"]
[TimeControl "180+1"]
[Date "2022.11.16"]
[WhiteClock "0:02:30"]
[BlackClock "0:00:43"]

1. e4 Nc6 2. Nc3 Nf6 3. d4 d5 4. e5 Nd7 5. f4 Nb6 6. Nf3 Bg4 7. Be3 e6 8. h3 Bxf3 9. Qxf3 Be7 10. Bd3 Bh4+ 11. g3 Be7 12. f5 Bg5 13. fxe6 fxe6 14. Qh5+ 1-0


[Site "https://www.chess.com"]

[Event "Titled Tuesday Blitz November 15 Late 2022"]
[White "Dzierzak, Radoslaw"]
[Black "Tan, Zhongyi"]
[WhiteFideId "1161407"]
[BlackFideId "8603642"]
[WhiteElo "2111"]
[BlackElo "2510"]
[Result "1/2-1/2"]
[Round "06"]
[TimeControl "180+1"]
[Date "2022.11.16"]
[WhiteClock "0:00:26"]
[BlackClock "0:00:56"]

1. e4 c5 2. Nf3 d6 3. d4 cxd4 4. Nxd4 Nf6 5. Nc3 a6 6. g3 e6 7. Bg2 Nc6 8. Nxc6 bxc6 9. e5 Nd5 10. exd6 Bxd6 11. Ne4 Be7 12. O-O O-O 13. c4 Nb4 14. a3 Nd3 15. b4 Nxc1 16. Rxc1 a5 17. c5 axb4 18. axb4 Ba6 19. Qxd8 Rfxd8 20. Rfd1 Rxd1+ 21. Rxd1 Bc4 22. Nd6 Bd5 23. Bxd5 exd5 24. b5 cxb5 25. Nxb5 Bxc5 26. Rxd5 Bb6 27. Rd2 h5 28. h4 Ra4 29. Nc3 Ra3 30. Ne4 Rb3 31. Kg2 g6 32. Rd7 Rb2 33. Rb7 Bd4 34. Rxb2 Bxb2 35. f4 1/2-1/2


[Site "https://www.chess.com"]

[Event "Titled Tuesday Blitz November 15 Late 2022"]
[White "Eljanov, Pavel"]
[Black "Sanal, Vahap"]
[WhiteFideId "14102951"]
[BlackFideId "6300545"]
[WhiteElo "2601"]
[BlackElo "2574"]
[Result "1-0"]
[Round "06"]
[TimeControl "180+1"]
[Date "2022.11.15"]
[WhiteClock "0:01:09"]
[BlackClock "0:01:49"]

1. c4 Nf6 2. g3 d6 3. Bg2 e5 4. Nc3 Nc6 5. Nf3 Bd7 6. d4 Be7 7. d5 Nb8 8. e4 Na6 9. O-O Nc5 10. Ne1 a5 11. Nd3 b6 12. Nxc5 bxc5 13. f4 h5 14. fxe5 dxe5 15. h3 Qc8 16. Kh2 Ra6 17. Qe2 h4 18. g4 Bxg4 19. hxg4 Nxg4+ 20. Kh1 h3 21. Bf3 Rg6 22. Rg1 Rh4 23. Bd2 Nh6 24. Rxg6 fxg6 25. Rg1 Qa6 26. Nb5 Bd8 27. Qf2 Qb6 28. Bxh6 gxh6 29. Bg4 h5 30. Rf1 Bf6 31. Nxc7+ Ke7 32. Ne6 1-0


[Site "https://www.chess.com"]

[Event "Titled Tuesday Blitz November 15 Late 2022"]
[White "Estrada Nieto, Julian"]
[Black "Hansen, Sune Berg"]
[WhiteFideId "5101018"]
[BlackFideId "1400266"]
[WhiteElo "2221"]
[BlackElo "2733"]
[Result "1-0"]
[Round "06"]
[TimeControl "180+1"]
[Date "2022.11.16"]
[WhiteClock "0:00:45"]
[BlackClock "0:01:11"]

1. e4 c5 2. Nf3 e6 3. c3 d5 4. exd5 exd5 5. d4 Nc6 6. Bb5 Bd6 7. dxc5 Bxc5 8. O-O Ne7 9. Nbd2 O-O 10. Nb3 Bd6 11. Bg5 Bg4 12. Bh4 Qb6 13. Bxe7 Nxe7 14. Bd3 h6 15. h3 Bh5 16. Rb1 Rfe8 17. Nbd4 Rad8 18. Re1 a6 19. Qb3 Qc7 20. Re2 Bc5 21. Re3 Bxf3 22. Rxf3 Bxd4 23. cxd4 Nc6 24. Qc3 Qb6 25. Rf4 Rc8 26. Qd2 Nxd4 27. Rxd4 1-0


[Site "https://www.chess.com"]

[Event "Titled Tuesday Blitz November 15 Late 2022"]
[White "Fernandez Guillen, Ernesto J."]
[Black "Besedes, Danilo"]
[WhiteFideId "3512428"]
[BlackFideId "946796"]
[WhiteElo "2450"]
[BlackElo "2352"]
[Result "0-1"]
[Round "06"]
[TimeControl "180+1"]
[Date "2022.11.16"]
[WhiteClock "0:00:04"]
[BlackClock "0:01:05"]

1. e4 d6 2. d4 e5 3. Nc3 Nf6 4. dxe5 dxe5 5. Qxd8+ Kxd8 6. Bg5 Nd7 7. O-O-O c6 8. f4 h6 9. Bxf6+ gxf6 10. Nf3 exf4 11. Bc4 Kc7 12. Bxf7 Ne5 13. Bh5 Bc5 14. Kb1 b5 15. Ne2 Be3 16. Rhf1 Rg8 17. Ne1 Rg5 18. Bf3 Nxf3 19. gxf3 Bh3 20. Rh1 Rd8 21. Rxd8 Kxd8 22. c3 Kd7 23. Kc2 a5 24. Kd3 Bg2 25. Nxg2 Rxg2 26. h4 Ke6 27. h5 c5 28. Re1 c4+ 29. Kc2 Rf2 30. b3 Rxf3 31. a4 cxb3+ 32. Kxb3 bxa4+ 33. Kxa4 Rh3 34. Rf1 Ke5 35. Kxa5 Rxh5 36. Kb4 Kxe4 37. c4 Bd2+ 38. Kb3 Rh2 39. Ng1 Rg2 40. Nf3 Be3 41. Nh4 Rg4 42. Nf3 Rg3 43. Nh4 f3 44. Kb4 f2 45. c5 Rg1 46. Rxf2 Bxf2 47. c6 Bxh4 48. c7 Rc1 0-1


[Site "https://www.chess.com"]